 Dungeon Crawl Stone Soup version 0.26.0-10-g1f06aea511 (webtiles) character file.

Game seed: 12535271864795907226

789 dohliylev the Chopper (level 7, 0/61 HPs)
             Began as a Minotaur Berserker on Feb 1, 2021.
             Was a Priest of Trog.
             Slain by Ijyb
             ... wielding a +0 club
              (4 damage)
             ... on level 5 of the Dungeon.
             The game lasted 00:06:01 (3867 turns).

dohliylev the Chopper (Minotaur Berserker)          Turns: 3867, Time: 00:06:01

Health: 0/61       AC:  2    Str: 24    XL:     7   Next: 56%
Magic:  6/6        EV: 12    Int:  4    God:    Trog [***...]
Gold:   187        SH:  0    Dex:  9    Spells: 6/6 levels left

rFire    x . .     SeeInvis .   a - +0 hand axe
rCold    + . .     Faith    .   (no shield)
rNeg     . . .     Spirit   .   d - +0 ring mail
rPois    .         Reflect  .   (helmet restricted)
rElec    .         Harm     .   (no cloak)
rCorr    .         Rampage  .   (no gloves)
Will     .....                  (no boots)
Stlth    ..........             (no amulet)
HPRegen  0.20/turn              m - ring of attention (curse)
MPRegen  0.10/turn              v - ring of ice

@: corroded
A: retaliatory headbutt, horns 2
a: Renounce Religion, Berserk, Trog's Hand


You were on level 5 of the Dungeon.
You worshipped Trog.
Trog was most pleased with you.
You visited 1 branch of the dungeon, and saw 5 of its levels.

You collected 187 gold pieces.

Inventory:

Hand Weapons
 a - a +0 hand axe (weapon)
Armour
 b - a +0 animal skin
 d - a +0 ring mail (worn)
Jewellery
 m - a cursed ring of attention (left hand)
 v - a ring of ice (right hand)
Scrolls
 c - 2 scrolls of teleportation {unknown}
 e - 3 scrolls of magic mapping {unknown}
 f - 2 scrolls of remove curse {unknown}
 g - a scroll of noise {unknown}
 h - 3 scrolls of immolation {unknown}
 j - a scroll of random uselessness {unknown}
 k - a scroll of fog {unknown}
 p - 2 scrolls of amnesia {unknown}
 q - a scroll of enchant weapon {unknown}
 t - 5 scrolls of identify {unknown}
 w - a scroll of fear {unknown}
 y - a scroll of blinking {unknown}
Potions
 i - a potion of attraction {unknown}
 l - 2 potions of heal wounds {unknown}
 n - a potion of ambrosia {unknown}
 o - a potion of curing {unknown}
 r - a potion of mutation {unknown}
 s - a potion of magic {unknown}
 u - a potion of lignification {unknown}
 x - a potion of degeneration {unknown}
 z - 3 potions of brilliance {unknown}


   Skills:
 + Level 5.3 Fighting
 + Level 7.4 Axes
 + Level 6.0 Armour
 + Level 4.1 Dodging


You had 6 spell levels left.
You didn't know any spells.
Your spell library was empty.

Dungeon Overview and Level Annotations

Branches:
Dungeon (5/15)
 Temple: D:4-7

Altars:
Ashenzari

Annotations:
D:5 Ijyb


Innate Abilities, Weirdness & Mutations

You reflexively headbutt those who attack you in melee.
You have a pair of horns on your head.


Message History

Ijyb is moderately wounded.
Ijyb screams, "You nasty!
Big nasty!"
Ijyb hits you with a +0 club.
You hit Ijyb.
Ijyb is heavily wounded.
Ijyb zaps a wand.
The bolt of acid misses you.
You barely miss Ijyb. Your headbutt misses Ijyb.
Ijyb is heavily wounded.
Ijyb screams, "Me kill you!" Ijyb hits you but does no damage.
You closely miss Ijyb.
Ijyb is heavily wounded.
Ijyb zaps a wand.
The bolt of acid hits you!!
* * * LOW HITPOINT WARNING * * *
The acid corrodes you!
You are splashed with acid!
* * * LOW HITPOINT WARNING * * *
You hit Ijyb. You headbutt Ijyb.
Ijyb is almost dead.
Ijyb hits you with a +0 club.
You die...

#.........#####.#..#
...........#........
....#.....##...!...#
#.................#
##.....#........#
#..............####
...........##..#..#
...........#......###
#..........#....@...#
#...........##.#.g###
##......##.....#...#
###...####.........#
.##.....####....#..##
..........##........
....##..............#
##..#...........#####
....######....###


You could see Ijyb.

Vanquished Creatures
  Grinder (D:3)
  Menkaure (D:4)
  A water moccasin (D:4)
  A scorpion (D:4)
  2 orc wizards (D:5)
  A hound (D:4)
  An orc priest (D:4)
  An iguana (D:4)
  Terence (D:2)
  2 worker ants (D:4)
  A hound skeleton (D:4)
  An adder (D:5)
  An ooze (D:1)
  An adder zombie (D:5)
  5 worms
  A leopard gecko (D:4)
  3 orcs
  8 bats
  4 giant cockroaches
  4 goblins
  5 hobgoblins
  2 jackals (D:5)
  12 kobolds
  A quokka (D:2)
  3 ball pythons
  6 frilled lizards
  7 rats
77 creatures vanquished.

Notes
Turn   | Place    | Note
-------+----------+-------------------------------------------
     0 | D:1      | dohliylev the Minotaur Berserker began the quest for the
                  | Orb.
     0 | D:1      | Reached XP level 1. HP: 19/19 MP: 0/0
   283 | D:1      | Reached XP level 2. HP: 25/27 MP: 1/1
   344 | D:1      | Reached skill level 4 in Axes
   662 | D:1      | Reached ** piety under Trog
   671 | D:1      | Reached XP level 3. HP: 23/33 MP: 2/2
  1016 | D:2      | Noticed Terence
  1023 | D:2      | Killed Terence
  1306 | D:2      | Found a broken altar of Ashenzari.
  1344 | D:2      | Reached XP level 4. HP: 41/41 MP: 3/3
  2198 | D:3      | Noticed Grinder
  2207 | D:3      | Killed Grinder
  2208 | D:3      | Reached skill level 5 in Axes
  2208 | D:3      | Reached XP level 5. HP: 43/47 MP: 4/4
  2208 | D:3      | Reached XP level 6. HP: 50/55 MP: 5/5
  2712 | D:4      | Reached skill level 6 in Axes
  2714 | D:4      | Reached skill level 5 in Fighting
  3010 | D:4      | Noticed Menkaure
  3018 | D:4      | Killed Menkaure
  3143 | D:4      | Reached *** piety under Trog
  3144 | D:4      | Reached skill level 5 in Armour
  3144 | D:4      | Reached XP level 7. HP: 57/61 MP: 6/6
  3229 | D:4      | Reached skill level 7 in Axes
  3686 | D:5      | Entered Level 5 of the Dungeon
  3854 | D:5      | Noticed Ijyb
  3867 | D:5      | Slain by Ijyb

Illustrated notes

Levels and vault maps discovered:
D:1:      dpeg_arrival_connections, layout_basic
D:2:      layout_basic, overflow_temple_1_default, grunt_decor_arrowhead,
          amethyst_killhole, uniq_terence
D:3:      layout_basic, uniq_grinder
D:4:      layout_basic, uniq_menkaure
D:5:      layout_cave_pools, minmay_temple_entry_mini_moons, uniq_sigmund,
          uniq_blork_the_orc, uniq_ijyb

Skill      XL: |  1  2  3  4  5  6  7 |
---------------+----------------------+-----
Fighting       | 4 5 |  5.3
Axes           | 4 5 6 7 |  7.4
Armour         | 4 5 6 |  6.0
Dodging        | 3 4 |  4.1

Action                   |  1- 3 |  4- 6 |  7- 9 || total
-------------------------+-------+-------+-------++-------
Melee: Hand axe          |    62 |    65 |    53 ||   180
       Headbutt          |    13 |    14 |    11 ||    38
Invok: Berserk           |       |     2 |     1 ||     3
Armor: Animal skin       |     3 |       |       ||     3
       Ring mail         |    26 |    25 |    18 ||    69
Dodge: Dodged            |    57 |    34 |    38 ||   129
